[Event "Team 45 45 League T38"]
[Site "Internet Chess Club"]
[Date "2008.07.27"]
[Round "1"]
[White "ChessChump"]
[Black "clarinetref"]
[Result "0-1"]
[WhiteElo "1425"]
[BlackElo "1646"]
[Opening "Pirc: Byrne variation"]
[ECO "B07"]
[Time "13:59:10"]
[TimeControl "2700+45"]

1. e4 d6 2. d4 Nf6 3. Nc3 g6 4. Bg5 Bg7 5. Nf3 c6 6. Bc4 O-O 7. O-O Nxe4 8.
Bxf7+ Rxf7 9. Nxe4 h6 10. Be3 Bg4 11. Ned2 Qf8 12. c3 Nd7 13. Qb3 b6 14. Ne1 Nf6
15. Nd3 Be2 16. Nf4 Bxf1 17. Nxg6 Qe8 18. Rxf1 d5 19. c4 Ng4 20. Re1 Rf6 21. Nh4
Qf7 22. Ndf3 Nxe3 23. Rxe3 dxc4 24. Qa4 b5 25. Qb4 Rd6 26. Ne5 Bxe5 27. dxe5
Rd1+ 28. Re1 Rxe1+ 29. Qxe1 e6 30. Qe3 Qh5 31. Qg3+ Qg5 32. Qh3 Qc1# {White
checkmated} 0-1

[Event "Team 45 45 League T38"]
[Site "Internet Chess Club"]
[Date "2008.07.27"]
[Round "1"]
[White "RD1974"]
[Black "HappyTiger"]
[Result "1-0"]
[WhiteElo "1614"]
[BlackElo "1529"]
[Opening "Sicilian: closed, 6.Be3"]
[ECO "B26"]
[Time "18:36:53"]
[TimeControl "2700+45"]

1. e4 c5 2. Nc3 Nc6 3. g3 g6 4. Bg2 Bg7 5. d3 d6 6. Be3 e5 7. Nf3 Nge7 8. Qd2
O-O 9. Bh6 Nd4 10. Bxg7 Kxg7 11. h3 Nec6 12. O-O Nxf3+ 13. Bxf3 Bxh3 14. Rfe1
Nd4 15. Bg2 Qa5 16. Qd1 Be6 17. Nd5 Rac8 18. c3 Nc6 19. Ne3 Qd8 20. Bf3 Bh3 21.
Bg4 Bxg4 22. Qxg4 Kh8 23. Kg2 Rc7 24. Rh1 f6 25. Qxg6 Rg8 26. Qh6 Rg6 27. Qxg6
Rg7 28. Qh6 Qf8 29. Nf5 Rf7 30. Rh3 Qg8 31. Rah1 Ne7 32. Nxe7 Rxe7 33. Qxf6+
{Black resigns} 1-0

[Event "Team 45 45 League T38"]
[Site "Internet Chess Club"]
[Date "2008.07.27"]
[Round "1"]
[White "Kravier"]
[Black "Aquaman"]
[Result "1-0"]
[WhiteElo "1495"]
[BlackElo "1407"]
[Opening "Queen's bishop game"]
[ECO "D02"]
[Time "15:00:08"]
[TimeControl "2700+45"]

1. Nf3 Nf6 2. d4 d5 3. Bf4 c6 4. e3 a6 5. Nbd2 Nbd7 6. Bd3 e6 7. O-O Be7 8. c4
O-O 9. cxd5 cxd5 10. Rc1 b5 11. Bc7 Qe8 12. e4 dxe4 13. Nxe4 Nd5 14. Nd6 Bxd6
15. Bxd6 Ne7 16. Bxh7+ Kxh7 17. Rc7 Nd5 18. Bxf8 Nxc7 19. Qc2+ Kg8 20. Bxg7 Kxg7
21. Qxc7 Nf6 22. Qg3+ Kf8 23. Qf4 Qe7 24. Rc1 Nd5 25. Qh6+ Kg8 26. Ng5 Nf6 27.
h3 Bb7 28. Rc5 Bd5 29. h4 Rd8 30. Nf3 Nh7 31. Ne5 Qf6 32. Qh5 {Black forfeits on
time} 1-0

[Event "Team 45 45 League T38"]
[Site "Internet Chess Club"]
[Date "2008.07.25"]
[Round "1"]
[White "vkpanch"]
[Black "Avedldesierto"]
[Result "1/2-1/2"]
[WhiteElo "1643"]
[BlackElo "1788"]
[Opening "Ruy Lopez: closed, 8.c3"]
[ECO "C89"]
[Time "19:24:25"]
[TimeControl "2700+45"]

1. e4 e5 2. Nf3 Nc6 3. Bb5 a6 4. Ba4 b5 5. Bb3 Nf6 6. O-O Be7 7. Re1 O-O 8. c3
Bb7 9. d4 exd4 10. cxd4 Na5 11. Bc2 d6 12. d5 c5 13. Nbd2 Rc8 14. b3 Nd7 15. Nf1
Bf6 16. Rb1 Ne5 17. Nxe5 Bxe5 18. Kh1 b4 19. f4 Bf6 20. e5 dxe5 21. fxe5 Bh4 22.
Re3 Bxd5 23. Rd3 Bxg2+ 24. Kxg2 Qe7 25. Qg4 f5 26. exf6 Qxf6 27. Rf3 Qxf3+ 28.
Qxf3 Rxf3 29. Kxf3 Rf8+ 30. Kg2 Rf2+ 31. Kh3 Rxc2 32. Kxh4 Rxa2 33. Be3 c4 34.
bxc4 Nxc4 35. h3 Rb2 36. Rxb2 Nxb2 37. Nd2 a5 38. Bd4 Nd3 39. Kg3 a4 40. Kf3 Nc1
41. Ke3 a3 42. h4 Kf7 43. Bc5 a2 44. Bd4 Kg6 45. Bb2 h6 46. Kd4 Kf5 47. Kc4 g6
48. Kxb4 Nd3+ 49. Ka3 Nxb2 50. Kxb2 Kg4 51. Kxa2 Kxh4 52. Kb2 g5 53. Kc3 Kg3 54.
Kd3 g4 55. Ke3 Kh3 56. Kf4 g3 57. Nf3 g2 58. Ng1+ Kh2 59. Nf3+ Kh3 60. Ng1+ Kh2
61. Nf3+ Kh1 62. Kg4 h5+ 63. Kxh5 g1=Q 64. Nxg1 {Game drawn because neither
player has mating material} 1/2-1/2

[Event "Team 45 45 League T38"]
[Site "Internet Chess Club"]
[Date "2008.07.27"]
[Round "1"]
[White "sallegreco"]
[Black "avila"]
[Result "0-1"]
[WhiteElo "1498"]
[BlackElo "1735"]
[Opening "Caro-Kann: anti-anti-Caro-Kann defense"]
[ECO "B10"]
[Time "11:00:19"]
[TimeControl "2700+45"]

1. e4 c6 2. c4 d5 3. cxd5 cxd5 4. exd5 Qxd5 5. Nc3 Qd8 6. Bb5+ Bd7 7. Bxd7+ Qxd7
8. Nf3 Nc6 9. O-O e6 10. d4 Nf6 11. Bf4 Be7 12. Nb5 O-O 13. Rc1 Rac8 14. Ne5
Nxe5 15. Rxc8 Rxc8 16. dxe5 Qxb5 17. exf6 Bxf6 18. b3 Rd8 19. Qf3 Qd5 20. Qg3
Rc8 21. Be3 Bd4 22. Rd1 Bxe3 23. Qxe3 {White resigns} 0-1

[Event "Team 45 45 League T38"]
[Site "Internet Chess Club"]
[Date "2008.07.28"]
[Round "1"]
[White "Caminator"]
[Black "arriero55"]
[Result "0-1"]
[WhiteElo "1345"]
[BlackElo "1456"]
[Opening "Sicilian: Najdorf, Lipnitzky attack"]
[ECO "B90"]
[Time "19:00:51"]
[TimeControl "2700+45"]

1. e4 c5 2. Nf3 d6 3. d4 cxd4 4. Nxd4 Nf6 5. Nc3 a6 6. Bc4 Nxe4 7. Bxf7+ Kxf7 8.
Nxe4 Qa5+ 9. Nc3 Nd7 10. O-O Nf6 11. Nb3 Qf5 12. Be3 h5 13. Qd2 Qg6 14. f3 h4
15. h3 Bxh3 16. Kh2 Qg3+ 17. Kh1 Bd7 18. Ne4 Nxe4 19. fxe4+ Ke8 20. Bf4 Qg4 21.
Qf2 e5 22. Be3 Be6 23. Qf3 Rc8 24. Qxg4 Bxg4 25. Rf2 Rc4 26. Raf1 Be6 27. c3
Rxe4 28. Bg5 Rg4 29. Bd2 h3 30. gxh3 Rxh3+ 31. Rh2 Bd5+ 32. Rf3 Bxf3# {White
checkmated} 0-1

[Event "Team 45 45 League T38"]
[Site "Internet Chess Club"]
[Date "2008.07.29"]
[Round "1"]
[White "Tomate"]
[Black "soccerisfun"]
[Result "1-0"]
[WhiteElo "1447"]
[BlackElo "1275"]
[Opening "Ruy Lopez: Graz variation"]
[ECO "C70"]
[Time "20:59:53"]
[TimeControl "2700+45"]

1. e4 e5 2. Nf3 Nc6 3. Bb5 a6 4. Ba4 b5 5. Bb3 Bc5 6. O-O Nf6 7. d3 O-O 8. Bg5
d6 9. Nc3 h6 10. Bh4 Be6 11. Bd5 g5 12. Bxc6 gxh4 13. Bxa8 Qxa8 14. Nxh4 Bg4 15.
Qd2 Kh7 16. h3 Be6 17. Ne2 Qc8 18. Kh2 Rg8 19. Ng3 d5 20. Nhf5 dxe4 21. Qxh6#
{Black checkmated} 1-0

[Event "Team 45 45 League T38"]
[Site "Internet Chess Club"]
[Date "2008.07.27"]
[Round "1"]
[White "PandorasBox"]
[Black "tsia68"]
[Result "1-0"]
[WhiteElo "2064"]
[BlackElo "1939"]
[Opening "Pirc: Byrne variation"]
[ECO "B07"]
[Time "04:01:11"]
[TimeControl "2700+45"]

1. d4 Nf6 2. Nc3 g6 3. e4 d6 4. Bg5 Bg7 5. Qd2 c6 6. Nf3 b5 7. Bd3 Bg4 8. Qf4
Bxf3 9. Qxf3 Qc7 10. e5 dxe5 11. Nxb5 Qd8 12. dxe5 Nd5 13. Nd6+ {Black resigns}
1-0

[Event "Team 45 45 League T38"]
[Site "Internet Chess Club"]
[Date "2008.07.27"]
[Round "1"]
[White "primerpaso"]
[Black "touchthis"]
[Result "1-0"]
[WhiteElo "1880"]
[BlackElo "1807"]
[Opening "English opening"]
[ECO "A10"]
[Time "15:05:12"]
[TimeControl "2700+45"]

1. c4 g6 2. Nc3 Bg7 3. g3 e5 4. Bg2 Ne7 5. Nf3 d6 6. d4 exd4 7. Nxd4 Nbc6 8. e3
O-O 9. O-O Bd7 10. b3 Rb8 11. Bb2 Qc8 12. Nd5 Nxd5 13. cxd5 Ne7 14. Rc1 c6 15.
dxc6 bxc6 16. Ba3 c5 17. Nf3 Bb5 18. Qxd6 Bxf1 19. Bxf1 Nf5 20. Qf4 Bh6 21. Qg4
Qe8 22. Rxc5 Nxe3 23. Qh4 Nxf1 24. Qxh6 Qe2 25. Ng5 Qh5 26. Qxh5 gxh5 27. Kxf1
Rfd8 28. Ne4 Rd1+ 29. Ke2 Ra1 30. Rg5+ {Black resigns} 1-0

[Event "Team 45 45 League T38"]
[Site "Internet Chess Club"]
[Date "2008.07.29"]
[Round "1"]
[White "crazynights"]
[Black "frankd"]
[Result "0-1"]
[WhiteElo "1432"]
[BlackElo "1712"]
[Opening "Pirc: classical system, 5.Be2"]
[ECO "B08"]
[Time "10:03:39"]
[TimeControl "2700+45"]

1. e4 d6 2. d4 Nf6 3. Nc3 g6 4. Nf3 Bg7 5. Be2 O-O 6. O-O Nc6 7. h3 e5 8. d5 Nb8
9. Be3 c6 10. a4 Ne8 11. Qd2 f5 12. Bh6 f4 13. Bxg7 Nxg7 14. Rfd1 c5 15. a5 g5
16. Nh2 h5 17. f3 Nd7 18. Na4 Nf6 19. Qd3 Qxa5 20. Nc3 Qd8 21. Rdb1 a6 22. b4
Nd7 23. b5 Nb6 24. bxa6 c4 25. Qd1 Rxa6 26. Qf1 Rxa1 27. Rxa1 Qc7 28. Qf2 Bd7
29. Rb1 Na4 30. Nxa4 Bxa4 31. Rb4 b5 32. Bxc4 bxc4 33. Rxa4 Rb8 34. g4 fxg3 35.
Qxg3 Qc5+ 36. Qf2 Qxf2+ 37. Kxf2 Rc8 38. c3 h4 39. Ng4 Nh5 40. Ke3 Nf4 41. Nf2
Ng2+ 42. Ke2 Rb8 43. Rxc4 Rb2+ {White resigns} 0-1

[Event "Team 45 45 League T38"]
[Site "Internet Chess Club"]
[Date "2008.07.25"]
[Round "1"]
[White "tryanything"]
[Black "ChessChamp"]
[Result "0-1"]
[WhiteElo "1708"]
[BlackElo "1625"]
[Opening "Sicilian: Smith-Morra gambit"]
[ECO "B21"]
[Time "17:59:25"]
[TimeControl "2700+45"]

1. e4 c5 2. d4 cxd4 3. c3 dxc3 4. Nxc3 Nc6 5. Nf3 d6 6. Bc4 e6 7. Qe2 Be7 8. O-O
Nf6 9. Rd1 O-O 10. e5 Ne8 11. exd6 Bxd6 12. Nb5 Qe7 13. Nxd6 Nxd6 14. Bg5 f6 15.
Bf4 Nxc4 16. Qxc4 Qf7 17. h3 e5 18. Qxf7+ Rxf7 19. Be3 Be6 20. a3 Rd7 21. Rxd7
Bxd7 22. Rd1 Be6 23. Rd6 Kf7 24. b4 a6 25. Bc5 Rd8 26. Rxd8 Nxd8 27. Kf1 Bc4+
28. Ke1 Ne6 29. Nd2 Nxc5 30. Nxc4 Nd3+ 31. Kd2 Nxf2 32. Nd6+ Ke6 33. Nxb7 Kd5
34. Ke3 Ne4 35. g4 g6 36. a4 f5 37. gxf5 gxf5 38. b5 f4+ 39. Kf3 Nc5 40. Nxc5
Kxc5 41. bxa6 Kb6 {White resigns} 0-1

[Event "Team 45 45 League T38"]
[Site "Internet Chess Club"]
[Date "2008.07.24"]
[Round "1"]
[White "chess9793"]
[Black "charles-allen"]
[Result "0-1"]
[WhiteElo "1773"]
[BlackElo "1800"]
[Opening "Petrov three knights game"]
[ECO "C42"]
[Time "20:50:14"]
[TimeControl "2700+45"]

1. e4 e5 2. Nf3 Nf6 3. Nc3 Bb4 4. Nxe5 O-O 5. Bc4 Qe7 6. Nf3 Bxc3 7. dxc3 Qxe4+
8. Be2 Re8 9. Be3 Ng4 10. Bd4 Nc6 11. Qd3 d5 12. Rd1 Bf5 13. Rd2 Rad8 14. O-O a6
15. h3 Qf4 16. g3 Bxd3 17. gxf4 Bxe2 18. Rxe2 Rxe2 19. hxg4 Rde8 20. Rc1 Nxd4
21. Nxd4 Re1+ 22. Rxe1 Rxe1+ 23. Kg2 c5 24. Nf5 Re2 25. Ne3 d4 26. Kf1 Rd2 27.
cxd4 cxd4 28. Nf5 Rxc2 29. Nxd4 Rxb2 30. a3 Ra2 31. f3 g6 32. Kg1 Rd2 33. Nb3
Rd3 34. Nc5 Rxf3 35. Nxb7 Rxf4 36. Nc5 Rxg4+ 37. Kf2 a5 38. Kf3 Rc4 39. Nb7 Rc3+
40. Kf4 Rxa3 41. Ke4 a4 42. Nc5 Rc3 43. Kd4 Rxc5 44. Kxc5 a3 45. Kd6 a2 46. Kd5
a1=Q 47. Kd6 f6 48. Ke6 Qe5+ 49. Kd7 f5 50. Kc6 f4 51. Kd7 f3 52. Kc6 f2 53. Kb6
f1=Q 54. Kc6 Qff6+ 55. Kd7 Qed6+ 56. Kc8 Qc6+ 57. Kb8 Qd8+ 58. Ka7 Qcb6# {White
checkmated} 0-1

[Event "Team 45 45 League T38"]
[Site "Internet Chess Club"]
[Date "2008.07.25"]
[Round "1"]
[White "Ocho-Cinco"]
[Black "chess9397"]
[Result "0-1"]
[WhiteElo "1746"]
[BlackElo "1885"]
[Opening "Sicilian: Smith-Morra gambit"]
[ECO "B21"]
[Time "18:57:48"]
[TimeControl "2700+45"]

1. e4 c5 2. d4 cxd4 3. c3 dxc3 4. Nxc3 Nc6 5. Nf3 d6 6. Bc4 a6 7. O-O e6 8. Bf4
Nf6 9. Be3 Be7 10. a3 O-O 11. Bd3 Ng4 12. Bf4 Nge5 13. Bc2 Nxf3+ 14. Qxf3 Nd4
15. Qd3 Nxc2 16. Qxc2 Bd7 17. Rfd1 Qb6 18. b4 Rac8 19. Qd2 Bc6 20. Bxd6 Rfd8 21.
e5 f6 22. Qa2 Bxd6 23. Qxe6+ Kh8 24. Rxd6 fxe5 25. Qxe5 Rf8 26. Ne4 Rce8 27. Re6
Bxe4 28. Rxe8 Qxf2+ 29. Kh1 Qxg2# {White checkmated} 0-1

[Event "Team 45 45 League T38"]
[Site "Internet Chess Club"]
[Date "2008.07.27"]
[Round "1"]
[White "Duguesclin"]
[Black "jazzyrick"]
[Result "1-0"]
[WhiteElo "1653"]
[BlackElo "1523"]
[Opening "Queen's pawn game"]
[ECO "E00"]
[Time "11:58:24"]
[TimeControl "2700+45"]

1. d4 Nf6 2. c4 e6 3. a3 b6 4. Nc3 Bb7 5. Bg5 Be7 6. e3 c5 7. Nf3 d6 8. Be2 Nbd7
9. O-O O-O 10. Bf4 Nh5 11. Bg3 Nxg3 12. hxg3 Nf6 13. d5 e5 14. e4 Bc8 15. Nh2 h6
16. f4 Nd7 17. Nf3 Bf6 18. Qd2 Re8 19. Nb5 Nf8 20. f5 Ba6 21. Nc3 Bg5 22. Nxg5
Qxg5 23. Qxg5 hxg5 24. b4 Nd7 25. b5 Bb7 26. a4 f6 27. Bh5 Red8 28. Kf2 a5 29.
bxa6 Bxa6 30. Nb5 Bxb5 31. axb5 Nf8 32. Ra6 Rxa6 33. bxa6 Ra8 34. Ra1 Nd7 35. a7
Kf8 36. Ra6 Ke7 37. Bd1 Kd8 38. Ba4 Kc7 39. Bc6 {Black resigns} 1-0

[Event "Team 45 45 League T38"]
[Site "Internet Chess Club"]
[Date "2008.07.28"]
[Round "1"]
[White "BraafPaard"]
[Black "tourettes"]
[Result "0-1"]
[WhiteElo "1519"]
[BlackElo "1716"]
[Opening "Nimzo-Indian: three knights variation"]
[ECO "E21"]
[Time "14:00:40"]
[TimeControl "2700+45"]

1. d4 Nf6 2. c4 e6 3. Nc3 Bb4 4. Nf3 c5 5. g3 cxd4 6. Nxd4 Ne4 7. Qc2 Nxc3 8.
bxc3 Bc5 9. Bg2 Nc6 10. Nb3 Be7 11. Bf4 O-O 12. O-O d6 13. h4 e5 14. Be3 Be6 15.
Bd5 Bh3 16. Bg2 Be6 17. Bd5 Bh3 18. Bg2 Bxg2 19. Kxg2 Qc8 20. c5 d5 21. Rad1 Qe6
22. Rh1 f5 23. f4 Rad8 24. Rd2 Bf6 25. fxe5 Nxe5 26. Nd4 Qe8 27. Bf4 Nc4 28. Rd3
Qe4+ 29. Kh2 Bxh4 30. Nf3 Bf6 31. Re1 Qe7 {White resigns} 0-1

[Event "Team 45 45 League T38"]
[Site "Internet Chess Club"]
[Date "2008.07.27"]
[Round "1"]
[White "searchforbobby1"]
[Black "QueensCounselor"]
[Result "1-0"]
[WhiteElo "2209"]
[BlackElo "1880"]
[Opening "Center game: Berger variation"]
[ECO "C22"]
[Time "16:08:52"]
[TimeControl "2700+45"]

1. e4 e5 2. d4 exd4 3. Qxd4 Nc6 4. Qe3 Nf6 5. Nc3 Bb4 6. Bd2 O-O 7. O-O-O Re8 8.
Qg3 Rxe4 9. a3 Bd6 10. f4 Re8 11. Nf3 Bc5 12. Bd3 d5 13. Rde1 Rxe1+ 14. Rxe1 Ne7
15. Nh4 Ng6 16. Nf3 Ne7 17. Ne5 Bf5 18. Bxf5 Nxf5 19. Qd3 Ne7 20. g4 c6 21. g5
Nd7 22. Ng4 Qf8 23. f5 f6 24. g6 hxg6 25. fxg6 Qe8 26. Qh3 Qxg6 27. Nh6+ gxh6
28. Qxd7 Re8 29. Na4 Bb6 30. Nxb6 axb6 31. Bf4 Kf7 32. Bd6 Qg5+ 33. Kb1 f5 34.
Qe6+ Kf8 35. h4 {Black forfeits on time} 1-0

[Event "Team 45 45 League T38"]
[Site "Internet Chess Club"]
[Date "2008.07.24"]
[Round "1"]
[White "Steinwitz"]
[Black "Mustard"]
[Result "0-1"]
[WhiteElo "1738"]
[BlackElo "1831"]
[Opening "French: King's Indian attack"]
[ECO "C00"]
[Time "16:02:01"]
[TimeControl "2700+45"]

1. e4 e6 2. d3 d5 3. Nd2 Nf6 4. g3 Bc5 5. Bg2 O-O 6. Ngf3 dxe4 7. dxe4 Bb4 8. a3
Ba5 9. b4 Bb6 10. O-O Qe7 11. Qe2 Nc6 12. Bb2 Rd8 13. Rad1 a5 14. b5 Nd4 15. Qc4
c5 16. Nxd4 cxd4 17. a4 e5 18. Qd3 Qb4 19. Nc4 Bc7 20. f4 Be6 21. Nxe5 Qxb2 22.
Rf2 Bxe5 23. fxe5 Ng4 24. Rfd2 Nxe5 25. Qe2 Bg4 26. Qf2 Bxd1 27. Rxd1 d3 28. Qb6
Qd4+ 29. Qxd4 Rxd4 30. cxd3 Rxd3 31. Rxd3 Nxd3 {White resigns} 0-1

[Event "Team 45 45 League T"]
[Site "Internet Chess Club"]
[Date "2008.07.27"]
[Round ""]
[White "Archdruid"]
[Black "hansolo1000"]
[Result "1/2-1/2"]
[WhiteElo "1696"]
[BlackElo "1768"]
[Opening "Sicilian: Smith-Morra gambit"]
[ECO "B21"]
[Time "05:48:59"]
[TimeControl "2700+45"]

1. e4 c5 2. d4 cxd4 3. c3 dxc3 4. Nxc3 e6 5. Bc4 Nc6 6. Nf3 Bb4 7. O-O Bxc3 8.
bxc3 Nge7 9. Ba3 O-O 10. Bd3 Re8 11. Nd4 d5 12. Nb5 dxe4 13. Bxe4 Qa5 14. Qc1
Qxb5 15. Rb1 Qh5 16. Bf3 Qa5 17. Rd1 a6 18. Bb2 Qc7 19. Qg5 Ng6 20. c4 Qf4 21.
Qc5 Qf5 22. Qb6 Qa5 23. Qb3 Qb4 24. Qc2 Qe7 25. Qa4 Qb4 26. Bxc6 Qxa4 27. Bxa4
b5 28. cxb5 axb5 29. Bxb5 Re7 30. Rd8+ Nf8 31. a4 Bb7 32. Rxa8 Bxa8 33. Ba3 Rc7
34. Rd1 Bd5 35. f3 Nd7 36. Rc1 Rxc1+ 37. Bxc1 Nb6 38. Be3 Nc4 39. Bc5 f6 40. Kf2
Kf7 41. Ke2 Na5 42. Bb4 Nc6 43. Ba3 Nd4+ 44. Kd3 Nxb5 45. axb5 Ke8 46. Bd6 Kd7
47. Bf8 g6 48. Bg7 Ke7 49. Kd4 f5 50. Kc5 Kd7 51. Be5 g5 52. Kb6 Kc8 53. Kc5 Kd7
54. b6 h5 55. Kd4 g4 56. fxg4 hxg4 57. g3 Kc6 58. Bc7 Ba2 59. Ke5 Bd5 60. Kf4
Ba2 61. Kg5 Bd5 {Game drawn by mutual agreement} 1/2-1/2

[Event "Team 45 45 League T38"]
[Site "Internet Chess Club"]
[Date "2008.07.27"]
[Round "1"]
[White "Fezzik"]
[Black "A-Ru"]
[Result "0-1"]
[WhiteElo "1960"]
[BlackElo "1877"]
[Opening "QGD: semi-Slav"]
[ECO "D31"]
[Time "18:08:33"]
[TimeControl "2700+45"]

1. d4 e6 2. c4 d5 3. Nc3 c6 4. cxd5 exd5 5. Nf3 Bf5 6. Qb3 Qb6 7. Qxb6 axb6 8.
e3 Nf6 9. Be2 Nbd7 10. O-O Bd6 11. Bd2 O-O 12. a3 b5 13. Na2 Nb6 14. Nb4 Nc4 15.
Bc3 Ne4 16. Bd3 Bg6 17. Nh4 Nxc3 18. Nxg6 hxg6 19. bxc3 Nxa3 20. Ra2 Bxb4 21.
cxb4 Nc4 22. Rfa1 Nb6 23. Ra7 Rxa7 24. Rxa7 Ra8 25. Rxa8+ Nxa8 26. Kf1 Nc7 27.
Ke1 Na6 28. Kd2 Nxb4 29. Bb1 Kf8 30. f3 Ke7 31. e4 Kd6 32. e5+ Ke6 33. Ke3 b6
34. g4 c5 35. f4 Nc6 36. f5+ gxf5 37. gxf5+ Ke7 38. dxc5 bxc5 39. Kf4 c4 40. h4
f6 41. e6 Kd6 42. Kg4 Ke5 43. Kh5 Ne7 44. Kg4 d4 45. h5 d3 46. Kf3 Nxf5 {White
resigns} 0-1

[Event "Team 45 45 League T38"]
[Site "Internet Chess Club"]
[Date "2008.07.24"]
[Round "1"]
[White "Kingofknights"]
[Black "kabindra"]
[Result "0-1"]
[WhiteElo "1800"]
[BlackElo "1939"]
[Opening "QGD: 6.Nf3"]
[ECO "D55"]
[Time "17:00:21"]
[TimeControl "2700+45"]

1. d4 d5 2. c4 e6 3. Nc3 Nf6 4. Bg5 Be7 5. e3 O-O 6. Nf3 b6 7. Bxf6 Bxf6 8. cxd5
exd5 9. Qc2 Ba6 10. Bxa6 Nxa6 11. Qa4 Nb8 12. Rc1 c6 13. O-O b5 14. Qc2 Nd7 15.
Ne2 Rc8 16. Nf4 g6 17. Nd3 Qe7 18. Nc5 a5 19. Nb7 a4 20. Na5 Nb8 21. b3 a3 22.
Qc3 b4 23. Qc5 Qxc5 24. Rxc5 Be7 25. Rc2 c5 26. Rfc1 Nd7 27. Ne5 Nxe5 28. dxe5
Rc7 29. Rd1 Ra8 30. Nb7 Rxb7 31. Rxd5 Rc7 32. Rcd2 Kf8 33. f4 Ke8 34. Kf2 Rd8
35. g4 Rxd5 36. Rxd5 Rd7 37. e4 Kd8 38. f5 gxf5 39. gxf5 Kc7 40. Ke3 Kc6 41.
Rxd7 Kxd7 42. Kd3 Kc6 43. Kc4 Bf8 44. h3 h5 45. Kd3 Bg7 46. f6 Bh6 47. Kc4 h4
48. Kd3 Bf4 49. e6 fxe6 50. f7 Bh6 51. Kc4 Bf8 52. Kd3 Kd6 53. Kc4 Ke5 54. Kd3
Kf6 55. Kc2 Kxf7 56. Kd3 Kf6 57. Kc4 Ke5 58. Kd3 Be7 59. Ke3 Bg5+ 60. Kd3 Kf4
61. Kc4 Be7 62. Kd3 e5 {White resigns} 0-1

[Event "Team 45 45 League T38"]
[Site "Internet Chess Club"]
[Date "2008.07.27"]
[Round "1"]
[White "gtm"]
[Black "Rookmaster"]
[Result "0-1"]
[WhiteElo "1623"]
[BlackElo "1846"]
[Opening "Alekhine's defense: Scandinavian variation"]
[ECO "B02"]
[Time "20:00:17"]
[TimeControl "2700+45"]

1. e4 Nf6 2. Nc3 d5 3. e5 Ne4 4. d4 Nxc3 5. bxc3 Bf5 6. Bd3 Bg6 7. f4 e6 8. Nf3
c5 9. O-O Nc6 10. Qe1 Rc8 11. Kh1 Bxd3 12. cxd3 cxd4 13. cxd4 Bb4 14. Qg3 g6 15.
Rb1 Qa5 16. Rf2 Be1 17. Be3 Bxf2 18. Bxf2 Qxa2 19. Rxb7 Qa6 20. Rb3 O-O 21. Qh4
h5 22. Qg5 Qa2 23. Bg1 Nxd4 24. Nxd4 Rc1 25. Nf3 Qxb3 26. Qh6 Rxg1+ 27. Kxg1
Qxd3 28. Ng5 Qe3+ 29. Kf1 Qxf4+ 30. Ke2 Qxe5+ 31. Kf3 Qf6+ 32. Kg3 Qg7 {White
resigns} 0-1

[Event "Team 45 45 League T38"]
[Site "Internet Chess Club"]
[Date "2008.07.27"]
[Round "1"]
[White "ZombieKnight"]
[Black "nathesh"]
[Result "0-1"]
[WhiteElo "1647"]
[BlackElo "1526"]
[Opening "Giuoco Piano"]
[ECO "C50"]
[Time "12:00:25"]
[TimeControl "2700+45"]

1. e4 e5 2. Nf3 Nc6 3. Bc4 Bc5 4. O-O Nf6 5. Nc3 O-O 6. a3 d6 7. b4 Bb6 8. h3
Be6 9. Bxe6 fxe6 10. Na4 Nxe4 11. Nxb6 axb6 12. d3 Nf6 13. Bg5 h6 14. Bh4 Qe8
15. c3 Qg6 16. Re1 Nd5 17. c4 Nf4 18. Bg3 Nxd3 19. Qc2 e4 20. Nh4 Qf6 21. Rxe4
Qxa1+ 22. Kh2 Qf1 23. Rxe6 Nd4 {White resigns} 0-1

[Event "Team 45 45 League T38"]
[Site "Internet Chess Club"]
[Date "2008.07.30"]
[Round "1"]
[White "Boromir"]
[Black "FriedrichII"]
[Result "1-0"]
[WhiteElo "2025"]
[BlackElo "1894"]
[Opening "Queen's Indian: old main line, 7.Nc3"]
[ECO "E18"]
[Time "15:00:10"]
[TimeControl "2700+45"]

1. Nf3 Nf6 2. c4 b6 3. g3 e6 4. Bg2 Bb7 5. O-O Be7 6. Nc3 O-O 7. d4 d6 8. Qc2 c5
9. Bg5 cxd4 10. Bxf6 Bxf6 11. Ng5 Bxg5 12. Bxb7 dxc3 13. Bxa8 cxb2 14. Qxb2 Bf6
15. Qa3 Bxa1 16. Rxa1 Qc7 17. Rd1 Rd8 18. Bf3 a5 19. e3 Nc6 20. Be2 Ne5 21. Qb3
h6 22. Rb1 Rb8 23. Qb5 Kf8 24. a3 Ke7 25. f4 Nd7 26. Qb2 Nf6 27. Qd4 Qc6 28. Kf2
Qe4 29. Rc1 g6 30. Qc3 Qc6 31. Bf3 Qc5 32. Kg2 Rc8 33. e4 d5 34. exd5 Nxd5 35.
Bxd5 exd5 {Black resigns} 1-0

[Event "Team 45 45 League T38"]
[Site "Internet Chess Club"]
[Date "2008.07.25"]
[Round "1"]
[White "AlterEgo"]
[Black "Emrebey"]
[Result "1/2-1/2"]
[WhiteElo "1597"]
[BlackElo "1636"]
[Opening "Sicilian: accelerated fianchetto, Maróczy bind, 6.Be3"]
[ECO "B38"]
[Time "14:09:54"]
[TimeControl "2700+45"]

1. e4 c5 2. Nf3 Nc6 3. d4 cxd4 4. Nxd4 g6 5. c4 Bg7 6. Be3 Nf6 7. Nc3 d6 8. Be2
O-O 9. O-O Bd7 10. Rc1 a6 11. a3 Qc7 12. b4 Ne5 13. Nd5 Nxd5 14. cxd5 Qd8 15. f4
Bh6 16. Qd2 Ng4 17. Bxg4 Bxg4 18. f5 Bxe3+ 19. Qxe3 gxf5 20. Qg5+ Kh8 21. Nxf5
Bxf5 22. Rxf5 Rc8 23. Rxc8 Qxc8 24. Qxe7 Qc1+ 25. Rf1 Qe3+ 26. Kh1 Rg8 27. Qf6+
Rg7 28. Qd8+ Rg8 29. Qf6+ Rg7 30. Qd8+ Rg8 31. Qf6+ {Game drawn by repetition}
1/2-1/2

[Event "Team 45 45 League T38"]
[Site "Internet Chess Club"]
[Date "2008.07.27"]
[Round "1"]
[White "badmove"]
[Black "nanning"]
[Result "0-1"]
[WhiteElo "1608"]
[BlackElo "1602"]
[Opening "Sicilian: Alapin's variation (2.c3)"]
[ECO "B22"]
[Time "17:00:40"]
[TimeControl "2700+45"]

1. e4 c5 2. c3 Nf6 3. e5 Nd5 4. d4 cxd4 5. cxd4 Nc6 6. Nf3 e6 7. Bc4 Nb6 8. Bb3
d5 9. O-O Be7 10. a3 O-O 11. Bf4 Bd7 12. Nc3 a6 13. Qd3 Rc8 14. Bc2 g6 15. Rac1
Nc4 16. Rb1 b5 17. Nd2 b4 18. Ne2 N6a5 19. Nxc4 Nxc4 20. axb4 Bxb4 21. b3 Na3
22. Rb2 Bb5 23. Qd1 f6 24. Bd3 f5 25. Bxb5 Nxb5 26. Bd2 a5 27. Bxb4 axb4 28. Qd2
Nc3 29. Rc2 Nxe2+ 30. Qxe2 Qb6 31. Rxc8 Rxc8 32. Rd1 Rc3 33. Qb2 Qa7 34. Kf1 Qa3
35. Qxa3 bxa3 36. b4 Rb3 37. Ra1 Rxb4 38. Rxa3 Rxd4 39. Ke2 Re4+ 40. Kd3 Rxe5
{White resigns} 0-1

[Event "Team 45 45 League T38"]
[Site "Internet Chess Club"]
[Date "2008.07.24"]
[Round "1"]
[White "fishhead"]
[Black "jesterday"]
[Result "0-1"]
[WhiteElo "1941"]
[BlackElo "1994"]
[Opening "Ruy Lopez: Trajkovic counter-attack"]
[ECO "C88"]
[Time "14:00:12"]
[TimeControl "2700+45"]

1. e4 e5 2. Nf3 Nc6 3. Bb5 a6 4. Ba4 Nf6 5. O-O b5 6. Bb3 Be7 7. Re1 Bb7 8. c3
d5 9. exd5 Nxd5 10. d4 exd4 11. Nxd4 Nxd4 12. Qxd4 O-O 13. Nd2 Re8 14. Nf3 Bf6
15. Rxe8+ Qxe8 16. Qh4 Bxh4 {White resigns} 0-1

[Event "Team 45 45 League T38"]
[Site "Internet Chess Club"]
[Date "2008.07.25"]
[Round "1"]
[White "makito"]
[Black "HoHo"]
[Result "1-0"]
[WhiteElo "1797"]
[BlackElo "1846"]
[Opening "King's Indian: Four pawns attack"]
[ECO "E76"]
[Time "14:57:03"]
[TimeControl "2700+45"]

1. d4 Nf6 2. c4 g6 3. Nc3 Bg7 4. e4 d6 5. f4 O-O 6. Nf3 Nbd7 7. Bd3 a6 8. O-O c5
9. d5 e6 10. h3 Qc7 11. Be3 Re8 12. Qd2 Nb6 13. Rae1 Bd7 14. g4 exd5 15. exd5
Re7 16. f5 gxf5 17. gxf5 Kh8 18. Bf4 Rg8 19. Kh1 Ree8 20. Ng5 Rgf8 21. Nge4 Nxe4
22. Nxe4 Nc8 23. f6 Bxh3 24. fxg7+ Kxg7 25. Bh6+ Kh8 26. Rg1 Rg8 27. Rxg8+ Rxg8
28. Qc3+ {Black resigns} 1-0